 Seeded DCSS version 0.28.0-45-g0d030f2227 (webtiles) character file.

Game seed: 9376642942419055868 (custom seed)

1907 thiscave3701365 the Cleaver (level 9, -2/79 HPs)
             Began as a Hill Orc Berserker on Apr 13, 2022.
             Was a Priest of Trog.
             Succumbed to a gnoll sergeant's poison
             ... on level 7 of the Dungeon.
             The game lasted 00:06:33 (7140 turns).

thiscave3701365 the Cleaver (Hill Orc Berserker)    Turns: 7140, Time: 00:06:34

Health: -2/79      AC: 18    Str: 30    XL:     9   Next: 16%
Magic:  18/18      EV:  4    Int:  7    God:    Trog [***...]
Gold:   255        SH:  0    Dex: 10    Spells: 8/8 levels left

rFire   . . .      SeeInvis .   C - +0 battleaxe
rCold   . . .      Faith    .   (shield currently unavailable)
rNeg    . . .      Spirit   .   n - +0 plate armour
rPois   .          Reflect  .   m - +0 helmet
rElec   .          Harm     .   f - +0 cloak
rCorr   .          Rampage  .   z - +0 pair of gloves
Will    .....                   c - +0 pair of boots
Stlth   ..........              (no amulet)
HPRegen 0.23/turn               l - +6 ring of strength
MPRegen 0.16/turn               g - ring of magical power

@: mighty, lethally poisoned (-2 -> -18), on berserk cooldown, held, slowed,
invisible, very slow
A: no striking features
a: Renounce Religion, Berserk, Trog's Hand


You were on level 7 of the Dungeon.
You worshipped Trog.
Trog was most pleased with you.
You visited 1 branch of the dungeon, and saw 7 of its levels.

You collected 255 gold pieces.

Inventory:

Hand Weapons
 e - a +3 hand axe
 C - a +0 battleaxe (weapon)
Armour
 c - a +0 pair of boots (worn)
 f - a +0 cloak (worn)
 m - a +0 helmet (worn)
 n - a +0 plate armour (worn)
 y - a +2 buckler
 z - a +0 pair of gloves (worn)
Jewellery
 g - a ring of magical power (right hand)
 l - a +6 ring of strength (left hand)
Wands
 b - a wand of digging (5)
 r - a wand of paralysis (7)
 B - a wand of iceblast (5)
Scrolls
 a - a scroll of torment {unknown}
 h - 3 scrolls of identify {unknown}
 i - a scroll of teleportation {unknown}
 o - a scroll of amnesia {unknown}
 p - a scroll of fear {unknown}
 t - 2 scrolls of vulnerability {unknown}
 v - a scroll of enchant weapon {unknown}
 w - a scroll of acquirement {unknown}
 A - a scroll of fog {unknown}
Potions
 d - 4 potions of lignification {unknown}
 j - 4 potions of invisibility
 q - 2 potions of haste {unknown}
 s - a potion of might
 u - a potion of resistance {unknown}
 x - a potion of ambrosia {unknown}


   Skills:
 + Level 7.2 Fighting
 + Level 11.1 Axes
 + Level 6.5 Armour
 + Level 2.5 Dodging
 + Level 1.3 Stealth
 + Level 1.4 Shields


You had 8 spell levels left.
You didn't know any spells.
Your spell library was empty.

Dungeon Overview and Level Annotations

Branches:
Dungeon (7/15)             Temple (0/1) D:5

Altars:
Gozag
Qazlal
Vehumet
Zin
The Shining One

Shops:
D:4 !

Annotations:
D:6 3 runed translucent doors, Icepheonix32's ghost, novice DsFi


Message History

You kill the gnoll!
Trog accepts your kill.
You feel extremely sick. The gnoll sergeant barely misses you.
The gnoll throws a throwing net.
The throwing net hits you.
You become entangled in the net!
The gnoll sergeant hits you from afar with a +1 spear of venom.
You are lethally poisoned!
* * * LOW HITPOINT WARNING * * *
You feel extremely sick. The gnoll completely misses you.
The gnoll sergeant hits you but does no damage.
You are more poisoned.
The gnoll hits you from afar with a +0 spear.
* * * LOW HITPOINT WARNING * * *
The gnoll sergeant hits you from afar with a +1 spear of venom.
* * * LOW HITPOINT WARNING * * *
You feel much better.
You feel extremely sick. The gnoll hits you but does no damage.
The gnoll sergeant hits you from afar with a +1 spear of venom!
* * * LOW HITPOINT WARNING * * *
It was a potion of invisibility.
You fade into invisibility!
* * * LOW HITPOINT WARNING * * *
You feel very sick. The gnoll hits you but does no damage.
The gnoll sergeant barely misses you. The gnoll hits you but does no damage.
The gnoll sergeant hits you but does no damage.
You are more poisoned.
Aiming: Iceblast
Press: ? - help, Shift-Dir - straight line, f - gnoll
Aim: a gnoll, wielding a +0 spear The mass of ice explodes!
The iceblast engulfs the gnoll!
You kill the gnoll!
Trog accepts your kill.
* * * LOW HITPOINT WARNING * * *
You feel extremely sick.
It was a potion of might.
You feel very mighty all of a sudden.
You die...

#. .#...## ..
......# # .####
....... #. ...#
...!... #. ...
....... #. #.#
)......
#..##.###g......
#.......@).....#
#####.#####...##
#.# ## ##.##
#...# #
###.#.### .##
#...#...##...#.
#.#####........
#...#...##...#.


You could see a gnoll sergeant.

Vanquished Creatures
  A water moccasin (D:6)
  An ice beast (D:7)
  4 ogres
  A centaur (D:6)
  A bullfrog (D:6)
  A scorpion (D:4)
  A wyvern skeleton (D:5)
  5 killer bees
  4 wights (D:6)
  A bullfrog zombie (D:6)
  A hound (D:4)
  A gnoll shaman (D:6)
  An orc priest (D:6)
  5 iguanas
  2 orc wizards (D:5)
  A scorpion zombie (D:5)
  A killer bee zombie (D:6)
  A howler monkey skeleton (D:6)
  Robin (D:2)
  15 gnolls
  10 adders
  4 white imps
  An adder skeleton (D:4)
  3 worms
  A dart slug (D:3)
  12 orcs
  7 bats
  4 endoplasms
  7 giant cockroaches
  10 goblins
  5 hobgoblins
  A jackal (D:2)
  3 quokkas
  9 ball pythons
  6 kobolds
  4 rats
  A bush (D:4)
137 creatures vanquished.

Notes
Turn   | Place    | Note
-------+----------+-------------------------------------------
     0 | D:1      | thiscave3701365 the Hill Orc Berserker began the quest for
                  | the Orb.
     0 | D:1      | Reached XP level 1. HP: 19/19 MP: 1/1
   366 | D:1      | Reached XP level 2. HP: 24/27 MP: 2/2
   644 | D:2      | Reached XP level 3. HP: 33/33 MP: 3/3
   693 | D:2      | Noticed Robin
   694 | D:2      | Reached ** piety under Trog
   701 | D:2      | Killed Robin
   706 | D:2      | Reached skill level 5 in Axes
   716 | D:2      | Reached XP level 4. HP: 28/40 MP: 4/4
   807 | D:2      | Found a faded altar of an unknown god.
  1607 | D:3      | Reached skill level 1 in Stealth
  1610 | D:3      | Reached XP level 5. HP: 47/47 MP: 5/5
  1892 | D:3      | Reached skill level 6 in Axes
  2518 | D:3      | Reached skill level 5 in Fighting
  2518 | D:3      | Reached XP level 6. HP: 19/56 MP: 6/6
  3038 | D:4      | Reached skill level 7 in Axes
  3175 | D:4      | Reached XP level 7. HP: 61/61 MP: 7/7
  3810 | D:4      | Reached skill level 8 in Axes
  3942 | D:4      | Found Feteptev's Distillery.
  4176 | D:5      | Entered Level 5 of the Dungeon
  4426 | D:5      | Found a staircase to the Ecumenical Temple.
  4449 | D:5      | Reached XP level 8. HP: 50/70 MP: 8/8
  4610 | D:5      | Reached skill level 9 in Axes
  5194 | D:5      | Found a stormy altar of Qazlal.
  5239 | D:5      | Found a glowing silver altar of Zin.
  5781 | D:6      | Found a runed translucent gate.
  5781 | D:6      | Found a runed translucent gate.
  5782 | D:6      | Found a runed translucent gate.
  5783 | D:6      | Found an opulent altar of Gozag.
  5784 | D:6      | Noticed a boulder beetle
  5784 | D:6      | Noticed Icepheonix32's ghost (novice DsFi)
  5802 | D:6      | Reached skill level 10 in Axes
  5802 | D:6      | Reached skill level 5 in Armour
  5861 | D:6      | Reached *** piety under Trog
  6013 | D:6      | Reached skill level 1 in Shields
  6345 | D:6      | Found a radiant altar of Vehumet.
  6691 | D:6      | Found a glowing golden altar of the Shining One.
  6763 | D:6      | Reached XP level 9. HP: 76/79 MP: 9/9
  7123 | D:7      | Reached skill level 11 in Axes
  7140 | D:7      | Succumbed to a gnoll sergeant's poison

Illustrated notes

Levels and vault maps discovered:
D:1:      lightli_arrival_windingriver, layout_basic
D:2:      layout_basic, ebering_ecumenical_altar_webs, minmay_tetromino_t2,
          uniq_robin
D:3:      layout_loops_ring, minmay_diced_spiral
D:4:      minmay_diamond_boxcup, layout_basic, serial_shops,
          kennysheep_mini_moat, minmay_misc_feat_alley, minmay_hedge_maze
D:5:      layout_loops_ring, nicolae_qazlal_general_emergency,
          mainiacjoe_overflow_surrounded_room, minmay_temple_entry_offerings
D:6:      layout_basic, lemuel_doored_altar, old_standard_altar,
          ebering_ghost_gozag, amethyst_killhole
D:7:      layout_loops_corners

Skill      XL: |  1  2  3  4  5  6  7  8  9 |
---------------+----------------------------+-----
Fighting       | 4 5 6 7 |  7.2
Axes           | 5 6 7 8 10 11 | 11.1
Dodging        | 2 |  2.5
Stealth        | 1 |  1.3
Armour         | 3 4 6 |  6.5
Shields        | 1 |  1.4

Action                   |  1- 3 |  4- 6 |  7- 9 || total
-------------------------+-------+-------+-------++-------
Melee: Hand axe          |    49 |   111 |   300 ||   460
       Punch             |     1 |       |     3 ||     4
       Battleaxe         |       |       |    13 ||    13
Invok: Berserk           |     1 |     4 |     6 ||    11
Evoke: Wand              |       |       |     1 ||     1
  Use: Potion            |       |     1 |     3 ||     4
 Stab: Sleeping          |     2 |       |       ||     2
Armor: Animal skin       |     9 |    16 |       ||    25
       Plate armour      |       |    60 |   124 ||   184
Dodge: Dodged            |    33 |    69 |    64 ||   166
Block: Buckler           |       |       |    19 ||    19
